 Dungeon Sprint DCSS version 0.31-a0-620-gd1cbd99268 (webtiles) character file.

Game seed: 16492642491885986456

7 zazu2006 the Frost Mage (level 2, -11/31 HPs)
             Began as a Gnoll Wanderer on Aug 23, 2023.
             Mangled by an ice beast (13 damage)
             ... in the Dungeon (Sprint IX: "|||||||||||||||||||||||||||||").
             The game lasted 00:00:46 (93 turns).

zazu2006 the Frost Mage (Gnoll Wanderer)              Turns: 93, Time: 00:00:46

Health: -11/31     AC:  2    Str:  8    XL:     2   Next: 0%
Magic:  10/10      EV: 11    Int: 17    God:
Gold:   0          SH:  0    Dex:  8    Spells: 15/15 levels left

rFire   . . .        a - +0 club
rCold   . . .        (no shield)
rNeg    . . .        c - +0 robe
rPois   .            (no helmet)
rElec   .            (no cloak)
rCorr   .            (no gloves)
SInv    .            (no boots)
Will    .....        (no amulet) Stlth
                     (no ring)
HPRegen 0.25/turn    (no ring)
MPRegen 0.12/turn

%: no teleportation
@: berserking, very quick
A: fangs 1, strong nose, distributed training
a: no special abilities


You were in the Dungeon.
You visited 1 branch

Inventory:

Hand Weapons
 a - a +0 club (weapon)
Armour
 c - a +0 robe (worn)
Wands
 d - a wand of polymorph (5) (quivered)
Scrolls
 b - a scroll of fog
 j - a scroll of blinking
Potions
 e - a potion of curing
 g - a potion of haste
 h - 2 potions of magic


   Skills:
 + Level 1.0 Fighting
 + Level 1.0 Short Blades
 + Level 1.0 Long Blades
 + Level 1.0 Axes
 + Level 1.0 Maces & Flails
 + Level 1.0 Polearms
 + Level 1.0 Staves
 + Level 1.0 Ranged Weapons
 + Level 1.0 Throwing
 + Level 1.0 Armour
 + Level 1.0 Dodging
 + Level 1.0 Stealth
 + Level 1.0 Shields
 + Level 1.0 Unarmed Combat
 + Level 7.2 Spellcasting
 + Level 0.8 Conjurations
 + Level 0.8 Hexes
 + Level 0.8 Summonings
 + Level 0.8 Necromancy
 + Level 0.8 Translocations
 + Level 0.8 Transmutations
 + Level 0.8 Fire Magic
 + Level 8.8 Ice Magic
 + Level 0.8 Air Magic
 + Level 0.8 Earth Magic
 + Level 0.8 Poison Magic
 + Level 1.1 Invocations
 + Level 4.6 Evocations
 + Level 1.0 Shapeshifting


You had 15 spell levels left.
You didn't know any spells.
Your spell library contained the following spells:

 Spells                   Type           Power      Damage    Failure   Level
 Freeze                   Ice            100%       1d10      1%          1
 Frozen Ramparts          Ice            72%        1d11      1%          3
 Ensorcelled Hibernation  Hex/Ice        44%        N/A       2%          2
 Sandblast                Erth           16%        2d6       9%          1
 Stone Arrow              Conj/Erth      16%        3d8       24%         3


Dungeon Overview and Level Annotations

Branches:
Dungeon (1/1)

Altars:


Innate Abilities, Weirdness & Mutations

You have very sharp teeth.
Your uncanny sense of smell can sniff out nearby items.
Your experience applies equally to all skills.


Message History

The endoplasm barely misses you.
You hit the endoplasm.
You bite the endoplasm, but do no damage.
The endoplasm is almost dead.
The endoplasm hits you but does no damage.
You hit the endoplasm but do no damage. Your bite misses the endoplasm.
The endoplasm is almost dead.
The endoplasm barely misses you. x2
You hit the endoplasm.
You kill the endoplasm!
Your Shapeshifting skill increases to level 1!
You have reached level 2!
Unknown command.
Unknown command.
There is an open door to the Dungeon here.
You start resting.
HP restored.
You open the door.
A scorpion, an orc, an adder, an iguana and an ice beast come into view.
The iguana hisses angrily.
Okay, then.
A red film seems to cover your vision as you go berserk!
You feel yourself moving faster!
You feel mighty!
The adder hisses angrily.
The ice beast hits you. The ice beast freezes you!
You sock the ice beast!
The ice beast is moderately wounded.
The ice beast hits you. The ice beast freezes you.
You hit the ice beast but do no damage.
The ice beast is moderately wounded.
You hit the ice beast.
The ice beast is heavily wounded.
The ice beast hits you. The ice beast freezes you!
* * * LOW HITPOINT WARNING * * *
You closely miss the ice beast.
The ice beast is heavily wounded.
The ice beast hits you.
* * * LOW HITPOINT WARNING * * *
The ice beast freezes you!
You die...

∆
▓+▓
∆
▓.▓
∆
▓s▓
∆
▓o▓
∆
▓S▓
∆
▓l▓
∆
▓Y▓
∆
▓@▓
∆
▓.▓
▓.▓
▓.▓
▓.▓
▓'▓
▓.▓
▓.▓
▓.▓


You could see an ice beast, a scorpion, an iguana, an adder and an orc.

Vanquished Creatures
  A bat (D)
  2 endoplasms (D)
  2 hobgoblins (D)
5 creatures vanquished.

Notes
Turn   | Place    | Note
-------+----------+-------------------------------------------
     0 | D        | zazu2006 the Gnoll Wanderer began the quest for the Orb.
     0 | D        | zazu2006 set off with the following items: a +0 club, a
                  | scroll of fog, a +0 robe, a wand of polymorph (5), a potion
                  | of curing, a potion of heal wounds, a potion of haste, 2
                  | potions of magic, a potion of berserk rage, a scroll of
                  | blinking; and the following spells available to memorise:
                  | Freeze, Frozen Ramparts, Ensorcelled Hibernation,
                  | Sandblast, Stone Arrow.
     0 | D        | Reached XP level 1. HP: 13/13 MP: 8/8
    21 | D        | Reached skill level 1 in Invocations
    27 | D        | Reached skill level 1 in Fighting
    27 | D        | Reached skill level 1 in Short Blades
    27 | D        | Reached skill level 1 in Long Blades
    27 | D        | Reached skill level 1 in Axes
    27 | D        | Reached skill level 1 in Maces & Flails
    27 | D        | Reached skill level 1 in Polearms
    27 | D        | Reached skill level 1 in Staves
    27 | D        | Reached skill level 1 in Ranged Weapons
    27 | D        | Reached skill level 1 in Throwing
    27 | D        | Reached skill level 1 in Armour
    27 | D        | Reached skill level 1 in Dodging
    27 | D        | Reached skill level 1 in Stealth
    27 | D        | Reached skill level 1 in Shields
    27 | D        | Reached skill level 1 in Unarmed Combat
    32 | D        | Reached skill level 1 in Shapeshifting
    32 | D        | Reached XP level 2. HP: 8/21 MP: 10/10
    88 | D        | Noticed a scorpion
    88 | D        | Noticed an ice beast
    93 | D        | Mangled by an ice beast

Illustrated notes

Levels and vault maps discovered:
D:        linesprint [early_d, line_temple, items_1, d_10, items_2, lair_1,
          lair_end, items_3, orc_1, orc_end, items_4, d_15, swamp_1, shoals_1,
          snake_1, spider_1, d_20, vaults_1, items_5, swamp_end, shoals_end,
          snake_end, spider_end, vaults_end, d_27, items_6, zot_1, zot_end,
          crypt_end, forest_end, elf_end, slime_end, tomb_end, abyss_end,
          pan_hell_end]

Skill      XL: |  1 |
---------------+----+-----
Invocations    | 1 |  1.1
Fighting       | 1 |  1.0
Short Blades   | 1 |  1.0
Long Blades    | 1 |  1.0
Axes           | 1 |  1.0
Maces & Flails | 1 |  1.0
Polearms       | 1 |  1.0
Staves         | 1 |  1.0
Ranged Weapons | 1 |  1.0
Throwing       | 1 |  1.0
Armour         | 1 |  1.0
Dodging        | 1 |  1.0
Stealth        | 1 |  1.0
Shields        | 1 |  1.0
Unarmed Combat | 1 |  1.0
Shapeshifting  | 1 |  1.0
Spellcasting   | |  7.2
Conjurations   | |  0.8
Hexes          | |  0.8
Summonings     | |  0.8
Necromancy     | |  0.8
Translocations | |  0.8
Transmutations | |  0.8
Fire Magic     | |  0.8
Ice Magic      | |  8.8
Air Magic      | |  0.8
Earth Magic    | |  0.8
Poison Magic   | |  0.8
Evocations     | |  4.6

Action                     || total
---------------------------++-------
  Melee: Club              ||    31
         Bite              ||     4
         Punch             ||     1
    Use: Potion            ||     2
 Armour: Robe              ||     3
  Dodge: Dodged            ||    19

Table legend: (Time is in decaauts)
 A = Elapsed time spent in this place.
 B = Non-inter-level travel time spent in this place.
 C = Inter-level travel time spent in this place.
 D = Time resting spent in this place.
 E = Time spent auto-exploring this place.
 F = Levels seen in this place.
 G = Mean time per level.
                   A        B        C        D        E       F      G
               +--------+--------+--------+--------+--------+-----+--------+
         Total |     99 |     99 |      0 |     50 |      3 |   1 |   99.0 |
       Dungeon |     99 |     99 |      0 |     50 |      3 |   1 |   99.0 |
               +--------+--------+--------+--------+--------+-----+--------+

Top non-repeatable levels by time:
       D: 99 daAuts
